 Dungeon Crawl Stone Soup version 0.22-a0-455-ga0624bf (webtiles) character file.

88499 drasked the Executioner (level 15, 144/144 HPs)
             Began as a Minotaur Berserker on Mar 2, 2018.
             Was a High Priest of Trog.
             Quit the game on level 2 of the Lair of Beasts on Aug 25, 2018.
             The game lasted 01:15:37 (30391 turns).

drasked the Executioner (Minotaur Berserker)       Turns: 30391, Time: 01:15:38

Health: 144/144    AC: 25    Str: 23    XL:     15   Next: 46%
Magic:  14/14      EV: 11    Int:  8    God:    Trog [*****.]
Gold:   1132       SH:  0    Dex: 11    Spells: 14/14 levels left

rFire    + + .     SeeInvis +   y - +0 battleaxe (vamp) {!w}
rCold    . . .     Gourm    .   (shield currently unavailable)
rNeg     + . .     Faith    .   K - +3 fire dragon scales
rPois    +         Spirit   .   (helmet restricted)
rElec    .         Reflect  .   u - +0 cloak
rCorr    .         Harm     .   D - +3 pair of gloves of the Louse {rPois}
MR       +....                  a - +0 pair of boots {Fly}
Stlth    ..........             M - macabre finger necklace {rN+}
HPRegen  0.34/turn              v - ring of poison resistance {rPois, !d}
MPRegen  0.14/turn              n - ring of see invisible {sInv, !d}
                                I - ring of protection from cold {rC+, !d}

@: flying
A: retaliatory headbutt, horns 2
a: Berserk, Trog's Hand, Brothers in Arms, Renounce Religion, Stop Flying


You were on level 2 of the Lair of Beasts.
You worshipped Trog.
Trog was extremely pleased with you.
You were not hungry.

You visited 3 branches of the dungeon, and saw 22 of its levels.
You also visited: Labyrinth, Ossuary and Volcano.

You collected 1596 gold pieces.
You spent 464 gold pieces at shops.

Inventory:

Hand Weapons
 y - a +0 vampiric battleaxe (weapon) {!w}
   (Trog gifted it to you on level 14 of the Dungeon)
 A - a +0 battleaxe of electrocution
   (Trog gifted it to you on level 5 of the Lair of Beasts)
 N - a +0 battleaxe of venom
   (You took it off a naga on level 2 of the Lair of Beasts)
Missiles
 H - 5 curare-tipped needles
Armour
 a - a +0 pair of boots of flying (worn)
   (You found it in a labyrinth)
 u - a +0 cloak (worn)
   (You took it off Crazy Yiuf on level 3 of the Dungeon)
 D - the +3 pair of gloves of the Louse (worn) {rPois}
   (You found it on level 6 of the Lair of Beasts)

   It protects you from poison.
 K - +3 fire dragon scales (worn)
   (You found it on level 15 of the Dungeon)
Jewellery
 n - a ring of see invisible (right hand) {sInv, !d}
   (You found it on level 3 of the Dungeon)
 v - a ring of poison resistance (left hand) {rPois, !d}
   (You found it on level 3 of the Dungeon)
 I - a ring of protection from cold (on amulet) {rC+, !d}
   (You found it on level 8 of the Dungeon)
 M - the macabre finger necklace (around neck) {rN+}
   (You found it on level 6 of the Lair of Beasts)

   [amulet of nothing]

   It protects you from negative energy.
Wands
 z - a wand of disintegration (13)
   (You found it in a labyrinth)
 E - a wand of enslavement (12)
   (You found it on level 15 of the Dungeon)
Scrolls
 e - 10 scrolls of identify
 g - 4 scrolls of fog
 h - 8 scrolls of enchant weapon
 k - 11 scrolls of remove curse
 m - 7 scrolls of teleportation
 q - 2 scrolls of magic mapping {!r}
 s - 4 scrolls of immolation {!r}
 w - 3 scrolls of summoning
 x - 2 scrolls of blinking {!r}
 O - a scroll of fear
Potions
 d - 8 potions of lignification {!q}
 f - 17 potions of curing
 i - 7 potions of might
 j - 7 potions of ambrosia
 l - 2 potions of berserk rage {!q}
 o - 6 potions of haste
 p - 2 potions of cancellation
 r - a potion of heal wounds
 t - 5 potions of brilliance
 B - 2 potions of agility
 C - 3 potions of mutation {!q}
 G - 3 potions of resistance
 J - 2 potions of magic
 S - 3 potions of flight
Comestibles
 c - 36 rations


   Skills:
 + Level 16.2 Fighting
 * Level 21.5 Axes
 + Level 16.1 Armour
 - Level 2.1 Dodging


You had 14 spell levels left.
You didn't know any spells.
Your spell library was empty.

Dungeon Overview and Level Annotations

Branches:
Dungeon (15/15)            Temple (0/1) D:4            Lair (6/6) D:10
 Shoals (1/4) Lair:2        Snake (0/4) Lair:2        Slime (0/5) Lair:6
    Orc (0/2) D:11         Vaults (0/5) D:13         Depths (0/5) D:15

Altars:
Ashenzari
Cheibriados
Elyvilon
Ru
Sif Muna
Uskayaw
Wu Jian
Xom
The Shining One

Shops:
D:4 [   D:6 ?   D:8 *   D:12 *=!%}

Annotations:
D:15 Sonja


Innate Abilities, Weirdness & Mutations

You reflexively headbutt those who attack you in melee.
You have a pair of horns on your head.


Message History

The manticore barely misses you.
The merfolk impaler hits you but does no damage.
The merfolk hits you from afar with a trident.
* * * LOW HITPOINT WARNING * * *
A cyclops comes into view.
You regained 3 hp, and now have 18/144 hp.
You feel much better.
You feel sick.
The cyclops shouts!
The merfolk impaler barely misses you.
The manticore bites you but does no damage.
The manticore claws you but does no damage. x2
The merfolk hits you but does no damage.
The merfolk impaler hits you but does no damage.
You regained 25 hp, and now have 43/144 hp.
You feel yourself speed up.
You hear the faint crackling of a very distant melting archway.
You feel the effects of Trog's Hand fading.
You are near starving!
The merfolk impaler hits you but does no damage.
The manticore barely misses you. You furiously retaliate!
You headbutt the manticore! The manticore closely misses you.
The manticore claws you but does no damage.
The merfolk hits you but does no damage.
The merfolk impaler hits you but does no damage.
The manticore misses you. You furiously retaliate!
You headbutt the manticore!
You kill the manticore!
Trog accepts your kill.
The merfolk impaler hits you with a trident!
* * * LOW HITPOINT WARNING * * *
The cyclops throws a large rock.
The large rock hits you!
* * * LOW HITPOINT WARNING * * *
You take 20 damage, and have 23/144 hp.
The merfolk impaler hits you but does no damage.
You regained 2 hp, and now have 25/144 hp.
You feel sick. The merfolk impaler barely misses you.
The merfolk hits you but does no damage.
The merfolk impaler barely misses you.
The merfolk hits you from afar with a trident!
* * * LOW HITPOINT WARNING * * *
The merfolk impaler hits you but does no damage.
There is a staircase back to the Lair, spattered with blood here.
You take 8 damage, and have 18/144 hp.
Your skin stops crawling.
You feel less resistant to hostile enchantments.
The merfolk impaler hits you from afar with a trident.
* * * LOW HITPOINT WARNING * * *
The merfolk hits you but does no damage.
The merfolk impaler hits you but does no damage.
You fly upwards.
Welcome back to the Lair of Beasts!
You feel yourself speed up.
You feel sick.
You are no longer poisoned.
There is a staircase to the Shoals here.
You take 1 damage, and have 17/144 hp.
You start resting.
You recover from your berserk rage.
You regained 2 hp, and now have 19/144 hp.
You start resting.
Your extra speed is starting to run out.
You regained 6 hp, and now have 25/144 hp.
You eat one of the 37 rations.
That ration really hit the spot!
You start resting.
You feel yourself slow down.
Your skin crawls.
You feel resistant to hostile enchantments.
You feel somewhat more hungry.
You start resting.
You feel the effects of Trog's Hand fading.
You regained 26 hp, and now have 54/144 hp.
You start resting.
Your skin stops crawling.
You feel less resistant to hostile enchantments.
You regained 6 hp, and now have 60/144 hp.
You start resting.
Health restored: 144 Done exploring.
There is a staircase to the Shoals here.
Okay, then.
Unknown command.
Unknown command.
Unknown command.
Welcome back, drasked the Minotaur Berserker.
Trog says: Kill them all!
Welcome back, drasked the Minotaur Berserker.
Trog says: Kill them all!
Unknown command.
Unknown command.
Okay, then.
Okay, then.
Unknown command.
Quiver which item? (- for none, * to show all) (? for menu, Esc to quit)
You don't have any such object.
Quiver which item? (- for none, * to show all) (? for menu, Esc to quit)
Huh?
Quiver which item? (- for none, * to show all) (? for menu, Esc to quit)
Okay, then.
Unknown command.
Unknown command.
Okay, then.
Okay, then.

#..))(.........................
#((###(...........#....##......
#.(###...#..............##.....
##..#P...........P......##...###
#P...........PP...PP....P##..#..
##..#P...........P.PPP...#P..##.
#........P.PPP..PP......##..##.
#..##.......P.......P..###...#.
#..##......P..@>.P......##..##.
##..##.........P..P.....#.#...##
#...###..#..P........P..##....#.
##..##...#.PP......P......P.....
#..............P.P.............
#..............................
#......................<......#
#.P####+#......#..######.....##
#.P####.##..)...#.# ##....##


There were no monsters in sight!

Vanquished Creatures
  Rupert (Lair:3)
  Frances (D:12)
  A ghost moth (shapeshifter) (D:15)
  The ghost of Armakuni the Purifying Draconian, a journeyman DrWz of Elyvilon (D:12)
  A minotaur (Lab)
  Nessos (Lair:4)
  The ghost of erloom the Nimble, a journeyman GnWn of Cheibriados (Lair:5)
  Snorg (D:12)
  2 fire dragons (D:15)
  A merfolk impaler (Shoals:1)
  Fannar (D:12)
  Harold (Lair:2)
  A merfolk aquamancer (Shoals:1)
  Erica (Lair:2)
  3 catoblepae (Lair:6)
  2 centaur warriors
  6 death yaks (Lair:6)
  6 two-headed ogres
  Urug (D:12)
  A deep elf knight (D:13)
  3 unseen horrors
  The ghost of oki the Bewitcher, a novice FeEn of Kikubaaqudgha (D:13)
  An orc knight (D:13)
  12 ugly things
  4 deep elf magi (D:13)
  7 manticores
  3 cyclopes
  8 elephants
  Joseph (D:8)
  A torpor snail (Lair:6)
  A molten gargoyle (Volcano)
  6 black mambas
  2 gargoyles
  14 spiny frogs
  A rime drake (Lair:4)
  A rime drake (shapeshifter) (D:10)
  3 kobold demonologists
  4 komodo dragons
  A freezing wraith (D:14)
  An efreet (D:14)
  3 yaktaurs (D:13)
  2 merfolk (Shoals:1)
  2 trolls
  A polar bear (Lair:3)
  2 hornets
  11 dream sheep
  5 slime creatures (D:12)
  10 hippogriffs
  3 water elementals
  A wraith (D:11)
  48 yaks
  A vampire (D:13)
  4 wyverns
  A spriggan (D:8)
  2 basilisks
  7 hungry ghosts
  2 shadows
  A basilisk (shapeshifter) (D:14)
  3 fire elementals (Volcano)
  An acid dragon (D:15)
  A naga (Lair:2)
  7 water moccasins
  2 hell hounds (Lair:2)
  6 orc warriors
  7 porcupines
  A hornet zombie (D:15)
  4 sky beasts
  4 ice beasts
  2 phantoms
  A black bear (D:10)
  An eye of draining (D:10)
  12 centaurs
  8 ogres
  8 boggarts (D:15)
  21 wolves
  5 big kobolds
  15 crocodiles
  18 bullfrogs
  2 elf skeletons (D:5)
  6 scorpions
  2 wyvern skeletons
  4 killer bees (D:9)
  7 wights
  4 howler monkeys
  3 bullfrog zombies
  5 crimson imps
  5 centaur zombies
  6 jellies
  2 quasits
  2 bullfrog skeletons (D:12)
  7 orc priests
  Crazy Yiuf (D:3)
  7 hounds
  9 orc wizards
  6 centaur skeletons
  Jessica (D:2)
  2 iguanas
  Terence (D:3)
  A human skeleton (D:5)
  11 worker ants
  A big kobold zombie (Ossuary)
  2 hound skeletons
  8 mummies (Ossuary)
  A worker ant zombie (D:11)
  A howler monkey skeleton (D:8)
  A howler monkey zombie (D:11)
  Robin (D:4)
  A gnoll (D:1)
  18 adders
  5 shadow imps
  2 oozes
  5 adder zombies
  3 adder skeletons
  A worm (D:3)
  2 dart slugs
  8 leopard geckos
  44 orcs
  4 ball pythons
  4 giant cockroaches
  11 goblins
  11 hobgoblins
  15 jackals
  4 quokkas
  3 bats
  7 frilled lizards
  3 hobgoblin zombies (Ossuary)
  A jackal skeleton (D:4)
  18 kobolds
  3 kobold zombies (Ossuary)
  A leopard gecko skeleton (D:8)
  3 orc skeletons (D:5)
  An orc zombie (Ossuary)
  A quokka skeleton (D:4)
  5 rats
  A butterfly (Lair:3)
  3 fungi (Lair:5)
  2 plants
641 creatures vanquished.

Vanquished Creatures (collateral kills)
  6 hydras
  A two-headed ogre (D:10)
  2 deep elf magi
  2 komodo dragons
  A troll (D:12)
  A yak (D:10)
  A centaur (D:10)
  3 wolves (Lair:6)
  2 hounds
19 creatures vanquished.

Vanquished Creatures (others)
  An unseen horror (D:14)
  5 dream sheep (D:8)
  An orc wizard (D:13)
  5 fungi
  A plant (Lair:5)
13 creatures vanquished.

Grand Total: 673 creatures vanquished

Notes
Turn   | Place    | Note
-------+----------+-------------------------------------------
     0 | D:1      | drasked the Minotaur Berserker began the quest for the Orb.
     0 | D:1      | Reached XP level 1. HP: 19/19 MP: 0/0
   372 | D:1      | Reached skill level 4 in Axes
   397 | D:1      | Reached XP level 2. HP: 25/27 MP: 1/1
   469 | D:1      | Reached skill level 4 in Fighting
   478 | D:1      | Reached skill level 3 in Armour
   577 | D:1      | Reached XP level 3. HP: 32/33 MP: 2/2
  1075 | D:2      | Noticed Jessica
  1084 | D:2      | Killed Jessica
  1084 | D:2      | Reached ** piety under Trog
  1167 | D:2      | Found a snail-covered altar of Cheibriados.
  1181 | D:2      | Reached skill level 5 in Axes
  1181 | D:2      | Reached XP level 4. HP: 41/41 MP: 3/3
  2104 | D:3      | Reached XP level 5. HP: 43/47 MP: 4/4
  2160 | D:3      | HP: 11/47 [orc/trident (9)]
  2376 | D:3      | Noticed Terence
  2383 | D:3      | Killed Terence
  2383 | D:3      | Reached skill level 4 in Armour
  2597 | D:3      | Reached skill level 6 in Axes
  2781 | D:3      | Found a runed door.
  3089 | D:3      | Noticed Crazy Yiuf
  3092 | D:3      | Killed Crazy Yiuf
  3092 | D:3      | Reached skill level 5 in Fighting
  3170 | D:3      | Reached XP level 6. HP: 48/56 MP: 5/5
  3579 | D:4      | Reached skill level 7 in Axes
  3688 | D:4      | Reached *** piety under Trog
  3707 | D:4      | Noticed Robin
  3724 | D:4      | Found a staircase to the Ecumenical Temple.
  3741 | D:4      | Killed Robin
  3873 | D:4      | Reached skill level 5 in Armour
  3873 | D:4      | Reached XP level 7. HP: 58/62 MP: 6/6
  3943 | D:4      | Found Solae's Antique Armour Emporium.
  4020 | D:5      | Entered Level 5 of the Dungeon
  4052 | D:5      | Found a sand-covered staircase.
  4067 | Ossuary  | Entered an ossuary
  4078 | Ossuary  | Reached skill level 6 in Fighting
  4092 | Ossuary  | Reached skill level 8 in Axes
  4449 | D:5      | Got a slimy scale mail
  4486 | D:5      | Reached **** piety under Trog
  4486 | D:5      | Reached skill level 6 in Armour
  4486 | D:5      | Reached XP level 8. HP: 62/71 MP: 7/7
  4522 | D:5      | Found a white marble altar of Elyvilon.
  4567 | D:5      | Reached skill level 9 in Axes
  4640 | D:5      | Reached skill level 7 in Fighting
  4960 | D:6      | Found Zevve's Magic Scroll Emporium.
  4968 | D:6      | Bought a scroll of teleportation for 42 gold pieces
  4968 | D:6      | Bought a scroll of identify for 28 gold pieces
  4968 | D:6      | Bought a scroll of remove curse for 42 gold pieces
  4968 | D:6      | Bought a scroll of noise for 14 gold pieces
  5036 | D:6      | Reached skill level 10 in Axes
  5036 | D:6      | Reached skill level 7 in Armour
  5353 | D:6      | Found a deep blue altar of Sif Muna.
  5561 | D:6      | Reached XP level 9. HP: 72/81 MP: 8/8
  5895 | D:7      | Identified the +1 scale mail "Val Nyir" {Slay+2} (You found it on level 5 of the Dungeon)
  5991 | D:7      | Reached skill level 8 in Fighting
  6027 | D:7      | Found a hide-covered altar of Uskayaw.
  6038 | D:7      | Found a shattered altar of Ashenzari.
  6080 | D:7      | Reached skill level 11 in Axes
  6277 | D:7      | Found a sacrificial altar of Ru.
  6288 | D:7      | Found a glowing golden altar of the Shining One.
  6377 | D:8      | Reached skill level 8 in Armour
  6430 | D:8      | Reached ***** piety under Trog
  6465 | D:8      | Noticed Joseph
  6479 | D:8      | Killed Joseph
  6856 | D:8      | Noticed a two-headed ogre
  6862 | D:8      | Killed a two-headed ogre
  6862 | D:8      | Reached skill level 9 in Fighting
  6862 | D:8      | Reached skill level 12 in Axes
  7215 | D:8      | Found a shimmering altar of Xom.
  7281 | D:8      | Reached skill level 9 in Armour
  7281 | D:8      | Reached XP level 10. HP: 91/91 MP: 9/9
  7423 | D:8      | Found Juath's General Store.
  7694 | D:9      | HP: 21/92 [yak (6)]
  8002 | D:9      | Reached skill level 13 in Axes
  8133 | D:9      | Noticed a two-headed ogre
  8144 | D:9      | Killed a two-headed ogre
  8144 | D:9      | Reached skill level 10 in Fighting
  8523 | D:10     | Entered Level 10 of the Dungeon
  8530 | D:10     | Found a staircase to the Lair.
  8580 | D:10     | Reached skill level 10 in Armour
  8714 | D:10     | Noticed a deep elf mage
  8715 | D:10     | Noticed a two-headed ogre
  8962 | D:10     | Noticed an unseen horror
  8964 | D:10     | Reached skill level 14 in Axes
  8974 | D:10     | Killed an unseen horror
  8974 | D:10     | Reached XP level 11. HP: 63/101 MP: 10/10
  9047 | D:10     | Killed a two-headed ogre
  9050 | D:10     | Killed a deep elf mage
 10018 | D:11     | Reached skill level 11 in Fighting
 10032 | D:11     | Noticed a two-headed ogre
 10416 | D:11     | Noticed an unseen horror
 10416 | D:11     | Found a staircase to the Orcish Mines.
 10424 | D:11     | Killed an unseen horror
 10424 | D:11     | Reached skill level 11 in Armour
 10600 | D:11     | Reached skill level 15 in Axes
 10834 | D:11     | Killed a two-headed ogre
 11507 | D:11     | Noticed a purple ugly thing
 11513 | D:11     | Killed a purple ugly thing
 11735 | D:11     | Identified a scroll of acquirement
 11825 | Lair:1   | Entered Level 1 of the Lair of Beasts
 11993 | Lair:1   | Found a dark tunnel.
 12004 | Lair:1   | Reached skill level 12 in Fighting
 12196 | Lair:1   | Found an ornate altar of the Wu Jian Council.
 12707 | Lair:2   | Found a staircase to the Snake Pit.
 12724 | Lair:2   | Reached XP level 12. HP: 89/112 MP: 11/11
 12796 | Lair:2   | Found a dark tunnel.
 12798 | Lair:2   | Reached skill level 16 in Axes
 12809 | Volcano  | Entered a volcano
 13033 | Volcano  | Reached skill level 12 in Armour
 13119 | Lair:2   | Noticed Harold
 13130 | Lair:2   | Killed Harold
 13389 | Lair:2   | Noticed Erica
 13399 | Lair:2   | Killed Erica
 13545 | Lair:2   | Found a staircase to the Shoals.
 14265 | Lair:3   | Reached skill level 17 in Axes
 14266 | Lair:3   | Reached ****** piety under Trog
 14524 | Lair:3   | Noticed a five-headed hydra
 14529 | Lair:3   | Killed a five-headed hydra
 14529 | Lair:3   | Reached skill level 13 in Fighting
 14789 | Lair:3   | Noticed Rupert
 14800 | Lair:3   | Killed Rupert
 14800 | Lair:3   | Reached skill level 13 in Armour
 15195 | Lair:4   | Reached XP level 13. HP: 88/122 MP: 12/12
 15311 | Lair:4   | Noticed Nessos
 15331 | Lair:4   | Killed Nessos
 15337 | Lair:4   | HP: 28/122 [poisoned by Nessos]
 15342 | Lair:4   | HP: 21/122 [poisoned by Nessos]
 15347 | Lair:4   | HP: 17/122 [poisoned by Nessos]
 15353 | Lair:4   | HP: 15/122 [poisoned by Nessos]
 15358 | Lair:4   | HP: 16/122 [poisoned by Nessos]
 15365 | Lair:4   | HP: 16/122 [poisoned by Nessos]
 15918 | Lair:4   | Reached skill level 18 in Axes
 17169 | Lair:5   | Found a labyrinth entrance.
 17208 | Lab      | Entered a labyrinth
 19550 | Lab      | Noticed a minotaur
 19558 | Lab      | Killed a minotaur
 19686 | Lair:5   | Received a gift from Trog
 20106 | Lair:5   | Reached skill level 14 in Fighting
 20731 | Lair:5   | Reached skill level 14 in Armour
 21029 | Lair:5   | Noticed erloom's ghost (journeyman GnWn)
 21048 | Lair:5   | Killed erloom's ghost
 21078 | Lair:6   | Entered Level 6 of the Lair of Beasts
 21297 | Lair:6   | Reached skill level 19 in Axes
 21438 | Lair:6   | Found a staircase to the Slime Pits.
 21680 | Lair:6   | Reached XP level 14. HP: 116/133 MP: 13/13
 21702 | Lair:6   | Received a gift from Trog
 22566 | Lair:6   | Got a pair of jewelled gloves
 22734 | Lair:6   | Found the macabre finger necklace {rN+}
 23142 | Lair:6   | Reached skill level 15 in Fighting
 23657 | D:12     | Noticed Urug
 23672 | D:12     | Killed Urug
 23853 | D:12     | Noticed Snorg
 23858 | D:12     | Reached skill level 20 in Axes
 23866 | D:12     | HP: 39/202 [Snorg (15)]
 23867 | D:12     | Killed Snorg
 23870 | D:12     | Reached skill level 15 in Armour
 23917 | D:12     | HP: 28/135 [cyan ugly thing (16)]
 24203 | D:12     | Received a gift from Trog
 24262 | D:12     | Found Boud Hann's Food Shop.
 24475 | D:12     | Identified the +3 pair of gloves of the Louse {rPois} (You found it on level 6 of the Lair of Beasts)
 24502 | D:12     | Noticed Fannar
 24509 | D:12     | Noticed Armakuni's ghost (journeyman DrWz)
 24512 | D:12     | Killed Fannar
 24536 | D:12     | Killed Armakuni's ghost
 24736 | D:12     | Found Zeujaen's Distillery.
 24743 | D:12     | Bought a potion of flight for 51 gold pieces
 24743 | D:12     | Bought a potion of resistance for 170 gold pieces
 24743 | D:12     | Bought a potion of brilliance for 68 gold pieces
 24743 | D:12     | Bought a potion of degeneration for 17 gold pieces
 24799 | D:12     | Noticed Frances
 24810 | D:12     | Killed Frances
 25055 | D:12     | Found Zukhuw's Gadget Emporium.
 25394 | D:12     | Got an ichor-stained halberd {drain}
 25395 | D:12     | Identified the +0 halberd of Disembowelment {drain, MR+ Str+2 Dex-2} (You took it off an orc on level 12 of the Dungeon)
 25532 | D:12     | Found Xaos's Assorted Antiques.
 25540 | D:12     | Bought a scroll labeled HYCYDA QINUNAD for 32 gold pieces
 25560 | D:12     | Found Ufuteora's Jewellery Boutique.
 25638 | D:13     | Noticed oki's ghost (novice FeEn)
 25862 | D:13     | Killed oki's ghost
 26016 | D:13     | HP: 26/135 [demonic crawler[a deep elf mage] (10)]
 26026 | D:13     | HP: 27/135 [vampire (1)]
 26439 | D:13     | Found a gate to the Vaults.
 26628 | D:13     | Received a gift from Trog
 26628 | D:13     | Reached XP level 15. HP: 143/143 MP: 14/14
 27230 | D:14     | Reached skill level 21 in Axes
 27895 | D:14     | Received a gift from Trog
 27944 | D:15     | Entered Level 15 of the Dungeon
 27992 | D:15     | Reached skill level 16 in Fighting
 28087 | D:15     | Noticed Sonja
 28949 | D:15     | Noticed a ghost moth
 28949 | D:15     | a great orb of eyes changed into a ghost moth
 28954 | D:15     | Killed a ghost moth
 28954 | D:15     | Reached skill level 16 in Armour
 29628 | D:15     | Found a staircase to the Depths.
 30004 | Shoals:1 | Entered Level 1 of the Shoals
 30045 | Shoals:1 | HP: 30/144 [merfolk/trident (8)]
 30046 | Shoals:1 | HP: 11/144 [merfolk/trident (12)]
 30052 | Shoals:1 | HP: 24/144 [poisoned by a merfolk impaler]
 30057 | Shoals:1 | HP: 11/144 [manticore (7)]
 30063 | Shoals:1 | HP: 23/144 [cyclops/large rock (14)]
 30068 | Shoals:1 | HP: 17/144 [merfolk impaler/trident (1)]
 30391 | Lair:2   | Quit the game

Vault maps used:
D:1:      dpeg_arrival_radiant, grunt_decor_one_mirror, minmay_heptomino_l4
D:2:      cheibriados_altar_1, kennysheep_jessica_study
D:3:      first_ration, minmay_shallow_snake_nest, uniq_terence,
          uniq_crazy_yiuf_cottage
D:4:      lemuel_upstairs_altar, minmay_temple_entry_statues_pillars,
          serial_shops, shop, minivault_26, uniq_robin
D:5:      lemuel_doored_altar, nicolae_ossuary_entry_catacombs, minivault_23,
          eino_small_chamber_without_monster
D:6:      lemuel_blue_sif_altar, serial_shops, shop
D:7:      nicolae_overflow_quartered_altars
D:8:      kb_xom_exploding_sheep, serial_shops, kennysheep_mini, grunt_pizzeria,
          uniq_joseph
D:10:     wad_guarded_room, serial_column_ruins, column_ruins_open_large,
          column_ruins_columns_corner, column_ruins_open_tiny_water,
          column_ruins_grid_1, column_ruins_columns_straight
D:11:     erik_orc_4
D:12:     serial_shops, shop, shop, shop_statue, nicolae_shop_waterfront,
          nicolae_shop_behind_doors, lightli_corner_chamber, uniq_fannar,
          uniq_snorg, uniq_frances, uniq_urug
D:13:     hangedman_vaults_entry_quadrant_bands
D:14:     nicolae_water_bricks
D:15:     grunt_enter_depths_hoard, minivault_19, uniq_sonja
Lair:1:   nicolae_volcano_entry_lava_flow, basic_altar
Lair:2:   minmay_shoals_entry_centaurs, guppyfry_snake_entry_island,
          enter_volcano_3, uniq_harold, uniq_erica
Lair:3:   beast_lair_carwin_4, grunt_megastairs_4, lemuel_fruit_fields,
          uniq_rupert
Lair:4:   beast_lair_carwin_3, infiniplex_staircase_pool_2, uniq_nessos
Lair:5:   lab_entry_generic, grunt_megastairs_2
Lair:6:   evilmike_catoblepas_cave, minmay_slime_entry_pillars, minivault_19,
          lemuel_fruit_tree
Shoals:1: portal_ice_cave_entry_pillars_three
Ossuary:  ossuary_tomb_3
Volcano:  volcano_overflow

Skill      XL: |  1  2  3  4  5  6  7  8  9 10 11 12 13 14 15 |
---------------+----------------------------------------------+-----
Axes           | 4 5 6 7 8 10 12 14 15 17 19 20 21 | 21.5
Fighting       | 4 5 6 7 9 10 12 13 14 15 16 | 16.2
Armour         | 3 4 5 6 7 9 10 11 13 14 15 16 | 16.1
Dodging        | |  2.1

Action                   |  1- 3 |  4- 6 |  7- 9 | 10-12 | 13-15 || total
-------------------------+-------+-------+-------+-------+-------++-------
Melee: Hand axe          |    60 |   113 |       |       |       ||   173
       Headbutt          |     9 |    26 |    47 |   127 |   198 ||   407
       War axe           |       |    67 |   261 |   542 |    72 ||   942
       Battleaxe         |       |       |       |       |   762 ||   762
Invok: Berserk           |     1 |     3 |     4 |     8 |     9 ||    25
       Brothers in Arms  |       |       |     1 |     2 |     5 ||     8
       Trog's Hand       |       |       |       |     1 |     5 ||     6
  Use: Scroll            |       |       |    12 |     9 |    15 ||    36
       Potion            |       |       |       |       |     6 ||     6
  Eat: Chunk             |     1 |    12 |    11 |    22 |    33 ||    79
       Ration            |       |       |     1 |     4 |    12 ||    17
Armor: Animal skin       |    10 |     6 |       |       |       ||    16
       Scale mail        |       |    69 |   116 |   226 |   371 ||   782
       Fire dragon scale |       |       |       |       |    74 ||    74
Dodge: Dodged            |    41 |   107 |   121 |   230 |   368 ||   867

Table legend:
 A = Spawn XP
 B = Non-spawn XP
 C = Spawn XP percentage of total XP
 D = Spawn monster count
 E = Non-spawn monster count
 F = Spawn count percentage of total count
 G = Total turns spent on level
                    A         B        C        D         E        F      G
               +---------+---------+-------+---------+---------+-------+---------
         Total |       0 |  126428 |   0.0 |       0 |     655 |   0.0 | 30391
               +---------+---------+-------+---------+---------+-------+---------
           D:1 |       0 |      49 |   0.0 |       0 |      21 |   0.0 |  1063
           D:2 |       0 |     126 |   0.0 |       0 |      18 |   0.0 |   871
           D:3 |       0 |     228 |   0.0 |       0 |      35 |   0.0 |  1258
           D:4 |       0 |     415 |   0.0 |       0 |      34 |   0.0 |   828
           D:5 |       0 |     956 |   0.0 |       0 |      27 |   0.0 |   688
           D:6 |       0 |     888 |   0.0 |       0 |      14 |   0.0 |   918
           D:7 |       0 |     699 |   0.0 |       0 |      17 |   0.0 |   534
           D:8 |       0 |    2053 |   0.0 |       0 |      21 |   0.0 |  1128
           D:9 |       0 |    3230 |   0.0 |       0 |      30 |   0.0 |   987
          D:10 |       0 |    4011 |   0.0 |       0 |      30 |   0.0 |  1846
          D:11 |       0 |    7298 |   0.0 |       0 |      61 |   0.0 |  1559
          D:12 |       0 |   16422 |   0.0 |       0 |      50 |   0.0 |  2207
          D:13 |       0 |   10750 |   0.0 |       0 |      36 |   0.0 |  1058
          D:14 |       0 |    7904 |   0.0 |       0 |      22 |   0.0 |  1081
          D:15 |       0 |   10207 |   0.0 |       0 |      27 |   0.0 |  1908
        Lair:1 |       0 |    1574 |   0.0 |       0 |       8 |   0.0 |   951
        Lair:2 |       0 |    4160 |   0.0 |       0 |      15 |   0.0 |  1319
        Lair:3 |       0 |   10353 |   0.0 |       0 |      36 |   0.0 |  1241
        Lair:4 |       0 |    7987 |   0.0 |       0 |      30 |   0.0 |  2026
        Lair:5 |       0 |   10111 |   0.0 |       0 |      32 |   0.0 |  1549
        Lair:6 |       0 |   21137 |   0.0 |       0 |      63 |   0.0 |  2390
      Shoals:1 |       0 |    3430 |   0.0 |       0 |       7 |   0.0 |    65
           Lab |       0 |    1277 |   0.0 |       0 |       1 |   0.0 |  2385
       Ossuary |       0 |     177 |   0.0 |       0 |      16 |   0.0 |   248
       Volcano |       0 |     986 |   0.0 |       0 |       4 |   0.0 |   283
               +---------+---------+-------+---------+---------+-------+---------

Vault maps used:
D:1:      dpeg_arrival_radiant, grunt_decor_one_mirror, minmay_heptomino_l4
D:2:      cheibriados_altar_1, kennysheep_jessica_study
D:3:      first_ration, minmay_shallow_snake_nest, uniq_terence,
          uniq_crazy_yiuf_cottage
D:4:      lemuel_upstairs_altar, minmay_temple_entry_statues_pillars,
          serial_shops, shop, minivault_26, uniq_robin
D:5:      lemuel_doored_altar, nicolae_ossuary_entry_catacombs, minivault_23,
          eino_small_chamber_without_monster
D:6:      lemuel_blue_sif_altar, serial_shops, shop
D:7:      nicolae_overflow_quartered_altars
D:8:      kb_xom_exploding_sheep, serial_shops, kennysheep_mini, grunt_pizzeria,
          uniq_joseph
D:10:     wad_guarded_room, serial_column_ruins, column_ruins_open_large,
          column_ruins_columns_corner, column_ruins_open_tiny_water,
          column_ruins_grid_1, column_ruins_columns_straight
D:11:     erik_orc_4
D:12:     serial_shops, shop, shop, shop_statue, nicolae_shop_waterfront,
          nicolae_shop_behind_doors, lightli_corner_chamber, uniq_fannar,
          uniq_snorg, uniq_frances, uniq_urug
D:13:     hangedman_vaults_entry_quadrant_bands
D:14:     nicolae_water_bricks
D:15:     grunt_enter_depths_hoard, minivault_19, uniq_sonja
Lair:1:   nicolae_volcano_entry_lava_flow, basic_altar
Lair:2:   minmay_shoals_entry_centaurs, guppyfry_snake_entry_island,
          enter_volcano_3, uniq_harold, uniq_erica
Lair:3:   beast_lair_carwin_4, grunt_megastairs_4, lemuel_fruit_fields,
          uniq_rupert
Lair:4:   beast_lair_carwin_3, infiniplex_staircase_pool_2, uniq_nessos
Lair:5:   lab_entry_generic, grunt_megastairs_2
Lair:6:   evilmike_catoblepas_cave, minmay_slime_entry_pillars, minivault_19,
          lemuel_fruit_tree
Shoals:1: portal_ice_cave_entry_pillars_three
Ossuary:  ossuary_tomb_3
Volcano:  volcano_overflow

Table legend:
 A = Turns spent in this place as a percentage of turns spent in the entire game.
 B = Non-inter-level travel turns spent in this place as a percentage of non-inter-level travel turns spent in the entire game.
 C = Inter-level travel turns spent in this place as a percentage of turns spent in this place.
 D = Turns resting spent in this place as a percentage of non-inter-level travel turns spent in this place.
 E = Turns spent auto-exploring this place as a percentage of non-inter-level travel turns spent in this place.
 F = Non-inter-level travel turns spent in this place divided by the number of levels of this place that you've seen.
                   A       B       C       D       E      F
               +-------+-------+-------+-------+-------+----------------------
         Total | 100.0 | 100.0 |   3.3 |  34.9 |  40.9 | 1176.1
       Dungeon |  59.0 |  58.9 |   3.4 |  36.3 |  45.5 | 1154.8
          Lair |  31.2 |  30.9 |   4.0 |  42.4 |  43.1 | 1516.7
        Shoals |   0.2 |   0.2 |   0.0 |   0.0 |   0.0 |  65.0
     Labyrinth |   7.8 |   8.1 |   0.0 |   0.0 |   0.0 | 2385.0
       Ossuary |   0.8 |   0.8 |   0.0 |  28.2 |  39.5 | 248.0
       Volcano |   0.9 |   1.0 |   0.0 |  12.0 |  39.6 | 283.0
               +-------+-------+-------+-------+-------+----------------------

Table legend:
 A = Kills in this place as a percentage of kills in entire the game.
 B = Kills by you in this place as a percentage of kills by you in the entire game.
 C = Kills by friends in this place as a percentage of kills by friends in the entire game.
 D = Other kills in this place as a percentage of other kills in the entire game.
 E = Experience gained in this place as a percentage of experience gained in the entire game.
 F = Experience gained in this place divided by the number of levels of this place that you have seen.
                   A       B       C       D       E      F
               +-------+-------+-------+-------+-------+----------------------
         Total | 100.0 | 100.0 | 100.0 | 100.0 | 100.0 | 5057.1
       Dungeon |  67.6 |  68.2 |  47.4 | 100.0 |  51.6 | 4349.1
          Lair |  28.1 |  27.4 |  52.6 |   0.0 |  43.8 | 9220.3
        Shoals |   1.1 |   1.1 |   0.0 |   0.0 |   2.7 | 3430.0
     Labyrinth |   0.2 |   0.2 |   0.0 |   0.0 |   1.0 | 1277.0
       Ossuary |   2.4 |   2.5 |   0.0 |   0.0 |   0.1 | 177.0
       Volcano |   0.6 |   0.6 |   0.0 |   0.0 |   0.8 | 986.0
               +-------+-------+-------+-------+-------+----------------------
